 Dungeon Crawl Stone Soup version 0.28-a0-1613-gdaab1c2f9b (webtiles) character file.

Game seed: 7056334789939306781

215 HallandMoats the Skirmisher (level 5, -2/42 HPs)
             Began as a Demonspawn Fighter on Jan 21, 2022.
             Was a Plaything of Xom.
             Slain by Ijyb (4 damage)
             ... on level 4 of the Dungeon.
             The game lasted 00:03:34 (2951 turns).

HallandMoats the Skirmisher (Demonspawn Fighter)    Turns: 2951, Time: 00:03:34

Health: -2/42      AC:  6    Str: 16    XL:     5   Next: 60%
Magic:  6/6        EV:  9    Int:  9    God:    Xom [.*....]
Gold:   59         SH:  5    Dex: 15    Spells: 4/4 levels left

rFire   . . .      SeeInvis .   r - +0 dagger (vamp)
rCold   . . .      Faith    .   c - +0 buckler
rNeg    . . .      Spirit   .   b - +0 scale mail
rPois   .          Reflect  .   (helmet restricted)
rElec   .          Harm     .   (no cloak)
rCorr   .          Rampage  .   (no gloves)
Will    .....                   (no boots)
Stlth   ..........              (no amulet)
HPRegen 0.14/turn               (no ring)
MPRegen 0.10/turn               (no ring)

@: no status effects
A: horns 2, foul stench 1
a: Renounce Religion


You were on level 4 of the Dungeon.
You worshipped Xom.
You were a plaything of Xom.
You visited 1 branch of the dungeon, and saw 4 of its levels.

You collected 59 gold pieces.

Inventory:

Hand Weapons
 a - a +0 flail
 l - a +0 whip
 r - a +0 vampiric dagger (weapon)
Armour
 b - a +0 scale mail (worn)
 c - a +0 buckler (worn)
Jewellery
 k - a ring of fire
 n - an amulet of guardian spirit
 v - a ring of see invisible
Scrolls
 e - a scroll of silence {unknown}
 f - a scroll of identify {unknown}
 j - a scroll of fear {unknown}
 o - a scroll of brand weapon {unknown}
 q - a scroll of teleportation {unknown}
 s - 2 scrolls of enchant weapon {unknown}
Potions
 d - 2 potions of might
 g - a potion of mutation {unknown}
 h - a potion of brilliance {unknown}
 i - 3 potions of degeneration {unknown}
 m - 3 potions of ambrosia {unknown}
 p - a potion of flight {unknown}
 t - a potion of lignification {unknown}
 u - a potion of magic {unknown}


   Skills:
 * Level 4.2 Fighting
 * Level 3.2 Maces & Flails
 + Level 3.1 Armour
 + Level 1.2 Dodging
 + Level 3.2 Shields
 + Level 2.0 Invocations


You had 4 spell levels left.
You didn't know any spells.
Your spell library was empty.

Dungeon Overview and Level Annotations

Branches:
Dungeon (4/15)
 Temple: D:4-7

Altars:
Xom

Shops:
D:2 *   D:4 *

Annotations:
D:4 1 runed translucent door, Crazy Yiuf, Ijyb


Innate Abilities, Weirdness & Mutations

You have a pair of horns on your head.
You may rarely emit foul miasma when damaged in melee.


Message History

You are too injured to fight recklessly!
You are too injured to fight recklessly!
You are too injured to fight recklessly!
You are too injured to fight recklessly!
You are too injured to fight recklessly!
You are too injured to fight recklessly!
You are too injured to fight recklessly!
You are too injured to fight recklessly!
You are too injured to fight recklessly!
You are too injured to fight recklessly!
You are too injured to fight recklessly!
You are too injured to fight recklessly!
You are too injured to fight recklessly!
You are too injured to fight recklessly!
You are too injured to fight recklessly!
You are too injured to fight recklessly!
You are too injured to fight recklessly!
You hit Ijyb but do no damage.
Ijyb is moderately wounded.
Ijyb hits you with a +5 club.
* * * LOW HITPOINT WARNING * * *
You hit Ijyb but do no damage. Your headbutt misses Ijyb.
Ijyb is moderately wounded.
Ijyb hits you with a +5 club.
* * * LOW HITPOINT WARNING * * *
You completely miss Ijyb.
Ijyb is moderately wounded.
You hear the quick rusting of a very distant drain.
You block Ijyb's attack.
You barely miss Ijyb.
Ijyb is moderately wounded.
Ijyb zaps a wand.
The puff of flame hits you!
* * * LOW HITPOINT WARNING * * *
You hit Ijyb but do no damage. Your headbutt misses Ijyb.
Ijyb is moderately wounded.
You block Ijyb's attack.
You barely miss Ijyb. You headbutt Ijyb.
Ijyb is heavily wounded.
Ijyb hits you with a +5 club.
You die...

...........'.......)
#####...####........
#.>..>..# ##.......
#.###.#.# ##.....#
#.#...#)# ##...##
#.#.###.# ##'## #.#.#
#.# #.# #.#.###.# #.#
#g@.....#######.##
#.......###........##
#$###.#.# #.###......
# #.#.# ##...## #....
##.## ###.## ### . #


You could see Ijyb.

Vanquished Creatures
  A scorpion (D:4)
  2 orc priests (D:4)
  2 adders
  A worm (D:2)
  2 dart slugs
  5 orcs
  4 ball pythons
  10 bats
  9 endoplasms
  A giant cockroach (D:2)
  3 goblins (D:2)
  7 hobgoblins
  4 jackals
  3 quokkas
  2 frilled lizards
  7 kobolds
  3 rats
66 creatures vanquished.

Notes
Turn   | Place    | Note
-------+----------+-------------------------------------------
     0 | D:1      | HallandMoats the Demonspawn Fighter began the quest for the
                  | Orb.
     0 | D:1      | Reached XP level 1. HP: 18/18 MP: 1/1
    77 | D:1      | Gained mutation: You have a pair of small horns on your
                  | head. [demonic ancestry]
    77 | D:1      | Reached XP level 2. HP: 22/24 MP: 2/2
   475 | D:1      | Gained mutation: You have a pair of horns on your head.
                  | [demonic ancestry]
   475 | D:1      | Reached XP level 3. HP: 25/29 MP: 3/3
   787 | D:2      | Reached skill level 1 in Invocations
  1404 | D:2      | Gained mutation: You may rarely emit foul miasma when
                  | damaged in melee. [demonic ancestry]
  1404 | D:2      | Reached XP level 4. HP: 36/36 MP: 4/4
  1428 | D:2      | Found Zouri's General Store.
  1823 | D:3      | Found a shimmering altar of Xom.
  2087 | D:3      | Became a worshipper of Xom the Unpredictable
  2404 | D:4      | XOM: silly message
  2411 | D:4      | Reached skill level 1 in Dodging
  2417 | D:4      | XOM: butterfly on damage
  2418 | D:4      | XOM: potion effect (magic)
  2428 | D:4      | Reached skill level 4 in Fighting
  2428 | D:4      | Reached XP level 5. HP: 13/42 MP: 6/6
  2677 | D:4      | Found a runed translucent door.
  2678 | D:4      | Noticed Crazy Yiuf
  2809 | D:4      | Found Piocsed's General Store.
  2931 | D:4      | Noticed Ijyb
  2943 | D:4      | XOM: noise
  2949 | D:4      | HP: 2/42 [Ijyb/puff of flame (7)]
  2951 | D:4      | Slain by Ijyb

Illustrated notes

Levels and vault maps discovered:
D:1:      scummos_arrival_hexagon, layout_basic, minmay_domino_2
D:2:      layout_rooms, serial_shops, shop_statue, minmay_circle_x
D:3:      layout_loops_ring, nicolae_overflow_crystal_walls
D:4:      layout_loops_corners, temple_hall, portal_sewer_entry_a, serial_shops,
          shop, uniq_crazy_yiuf_cottage, uniq_ijyb

Skill      XL: |  1  2  3  4  5 |
---------------+----------------+-----
Maces & Flails | 2 3 |  3.2
Invocations    | 1 2 |  2.0
Shields        | 3 |  3.2
Dodging        | 1 |  1.2
Fighting       | 4 |  4.2
Armour         | 3 |  3.1

Action                   |  1- 3 |  4- 6 || total
-------------------------+-------+-------++-------
Melee: Flail             |    88 |       ||    88
       Headbutt          |    13 |    23 ||    36
       Whip              |    21 |    11 ||    32
       Dagger            |       |   100 ||   100
Armor: Scale mail        |    70 |    24 ||    94
Dodge: Dodged            |    63 |    36 ||    99
Block: Buckler           |    30 |    23 ||    53

Table legend: (Time is in decaauts)
 A = Elapsed time spent in this place.
 B = Non-inter-level travel time spent in this place.
 C = Inter-level travel time spent in this place.
 D = Time resting spent in this place.
 E = Time spent auto-exploring this place.
 F = Levels seen in this place.
 G = Mean time per level.
                   A        B        C        D        E       F      G
               +--------+--------+--------+--------+--------+-----+--------+
         Total |   2982 |   2930 |     52 |      0 |   2444 |   4 |  745.5 |
       Dungeon |   2982 |   2930 |     52 |      0 |   2444 |   4 |  745.5 |
               +--------+--------+--------+--------+--------+-----+--------+

Top non-repeatable levels by time:
     D:2: 828 daAuts
     D:1: 800 daAuts
     D:3: 792 daAuts
     D:4: 560 daAuts
